 Dungeon Crawl Stone Soup version 0.30.1-3-gfc49f6343a (webtiles) character file.

Game seed: 9345443886357383017

140 Kranky the Poker (level 5, 0/43 HPs)
             Began as a Formicid Gladiator on July 23, 2023.
             Slain by a hound (2 damage)
             ... on level 4 of the Dungeon.
             The game lasted 00:05:00 (2617 turns).

Kranky the Poker (Formicid Gladiator)               Turns: 2617, Time: 00:05:01

Health: 0/43       AC:  7    Str: 26    XL:     5   Next: 47%
Magic:  5/5        EV: 11    Int:  8    God:
Gold:   117        SH:  0    Dex: 15    Spells: 4/4 levels left

rFire   . . .        a - +0 trident
rCold   . . .        (no shield)
rNeg    . . .        t - +0 scale mail
rPois   .            (helmet unavailable)
rElec   .            (no cloak)
rCorr   .            f - +0 pair of gloves
SInv    +            (no boots)
Will    .....        (no amulet) Stlth
                     k - +6 ring of strength
HPRegen 0.27/turn    (no ring)
MPRegen 0.09/turn

%: no passive effects
@: no status effects
A: permanent stasis, dig shafts and tunnels, antennae 3, four strong arms
a: Dig, Shaft Self


You were on level 4 of the Dungeon.
You visited 1 branch of the dungeon, and saw 4 of its levels.

You collected 117 gold pieces.

Inventory:

Hand Weapons
 a - a +0 trident (weapon)
Missiles
 c - 3 throwing nets (quivered)
 d - a javelin
Armour
 b - a +0 leather armour
 f - a +0 pair of gloves (worn)
 j - a +0 ring mail
 t - a +0 scale mail (worn)
Jewellery
 k - a +6 ring of strength (left hand)
 m - an amulet of guardian spirit
Scrolls
 g - a scroll of butterflies {unknown}
 i - 2 scrolls of teleportation {unknown}
 q - 2 scrolls of magic mapping {unknown}
 r - a scroll of noise {unknown}
Potions
 e - a potion of ambrosia {unknown}
 h - 2 potions of mutation {unknown}
 l - a potion of heal wounds {unknown}
 n - a potion of berserk rage {unknown}
 o - a potion of attraction {unknown}
 p - a potion of degeneration {unknown}
 s - a potion of resistance {unknown}
 u - a potion of brilliance {unknown}


   Skills:
 + Level 4.3 Fighting
 + Level 4.5 Polearms
 - Level 2.0 Throwing
 - Level 2.6 Dodging


You had 4 spell levels left.
You didn't know any spells.
Your spell library contained the following spells:

 Spells                   Type           Power      Damage    Failure   Level
 Kiss of Death            Conj/Necr      0%         2d5       71%         1
 Cigotuvi's Dreadful Rot  Necr/Pois/Air  0%         N/A       85%         2
 Confusing Touch          Hex            0%         N/A       97%         3
 Ignite Poison            Fire/Tmut/Pois 0%         N/A       97%         3
 Dispel Undead            Necr           0%         3d6       100%        4
 Freezing Cloud           Conj/Ice/Air   0%         6-21      100%        5


Dungeon Overview and Level Annotations

Branches:
Dungeon (4/15)
 Temple: D:4-7

Altars:

Shops:
D:3 (


Innate Abilities, Weirdness & Mutations

You cannot be hasted, slowed, berserked, paralysed or teleported.
You can dig through walls and to a lower floor.
You have a pair of large antennae on your head. (SInv)
Your four strong arms can wield two-handed weapons with a shield.


Message History

* * * LOW HITPOINT WARNING * * *
The kobold hits you but does no damage. x2
You see here a +0 club.
The kobold attacks as you move away! The kobold barely misses you.
The kobold attacks as you move away! The kobold barely misses you.
The kobold hits you but does no damage. The kobold attacks as you move away!
The kobold closely misses you.
Found 6 poisoned darts.
The kobold barely misses you. The kobold attacks as you move away!
The kobold hits you with a +0 club.
* * * LOW HITPOINT WARNING * * *
The kobold attacks as you move away! The kobold hits you but does no damage.
The kobold attacks as you move away! The kobold hits you with a +0 dagger.
* * * LOW HITPOINT WARNING * * *
The kobold hits you but does no damage. The kobold attacks as you move away!
The kobold closely misses you. The kobold hits you but does no damage.
The kobold attacks as you move away! The kobold hits you but does no damage.
The kobold attacks as you move away! The kobold misses you.
An iguana comes into view.
The iguana hisses angrily.
The kobold attacks as you move away! The kobold misses you.
Found 4 stones.
Found a stone staircase leading down.
The kobold attacks as you move away! The kobold hits you but does no damage.
The kobold attacks as you move away! The kobold hits you but does no damage.
Something unseen opens the door.
The kobold attacks as you move away! The kobold barely misses you.
Found a scroll labelled IWNUPT CIREH.
An orc comes into view. It is wielding a +0 scimitar.
The kobold attacks as you move away! The kobold misses you.
The orc shouts!
You hear a bark!
The kobold hits you with a +0 club.
* * * LOW HITPOINT WARNING * * *
A hound comes into view.
A dart slug comes into view.
The hound barks!
The kobold hits you but does no damage. The hound bites you but does no damage.
The hound attacks as you move away! The hound bites you.
You die...

### ~≈~≈≈~~
#..#..# ....#
#≈≈≈####.#..#
......#####..K.#.#
#....)........#
###.....###...#
############.K###
...>?.##...{##
#..#.#K.#### ..
##.@K.#.## ...
+.hKK.#.#
....#o#K..#.#
....'..Kl.g.#
....#...###.#
.w..#.....l.# ...
###.##### .. #.#
#.#


You could see an iguana, a hound, a dart slug, an orc, a hobgoblin and 5
kobolds.

Vanquished Creatures
  Terence (D:3)
  Robin (D:1)
  An adder (D:3)
  2 worms (D:1)
  3 dart slugs
  An orc (D:3)
  5 ball pythons
  9 endoplasms
  A giant cockroach (D:2)
  17 goblins
  8 hobgoblins
  2 jackals (D:1)
  2 kobolds (D:2)
  4 quokkas
  4 bats
  4 frilled lizards
  6 rats
71 creatures vanquished.

Notes
Turn   | Place    | Note
-------+----------+-------------------------------------------
     0 | D:1      | Kranky the Formicid Gladiator began the quest for the Orb.
     0 | D:1      | Reached XP level 1. HP: 16/16 MP: 1/1
   120 | D:1      | Reached XP level 2. HP: 22/23 MP: 2/2
   346 | D:1      | Reached XP level 3. HP: 23/29 MP: 3/3
   843 | D:2      | Noticed Robin
   861 | D:2      | Reached XP level 4. HP: 35/35 MP: 4/4
   930 | D:1      | Killed Robin
  1770 | D:3      | Reached XP level 5. HP: 42/42 MP: 5/5
  1909 | D:3      | Noticed Terence
  1921 | D:3      | Killed Terence
  2282 | D:3      | Found Biorph's Weapon Emporium.
  2599 | D:4      | HP: 1/43 [kobold/+0 dagger (2)]
  2614 | D:4      | HP: 2/43 [kobold/+0 club (4)]
  2617 | D:4      | Slain by a hound

Illustrated notes

Levels and vault maps discovered:
D:1:      minmay_arrival_diagonal_passages, layout_loops_ring, nicolae_wormholes
D:2:      layout_basic, uniq_robin
D:3:      layout_loops_corners, serial_shops, shop, uniq_terence
D:4:      cheibrodos_thug_alley, layout_basic, cheibrodos_sewer_entry_bend,
          minmay_joined_circles

Skill      XL: |  1  2  3  4 |
---------------+-------------+-----
Fighting       | 3 4 |  4.3
Polearms       | 4 |  4.5
Throwing       | |  2.0
Dodging        | |  2.6

Action                     |  1- 3 |  4- 6 || total
---------------------------+-------+-------++-------
  Melee: Trident           |    89 |   134 ||   223
         Punch             |     1 |     1 ||     2
   Stab: Sleeping          |     1 |       ||     1
 Armour: Leather armour    |    11 |       ||    11
         Ring mail         |     5 |    32 ||    37
         Scale mail        |       |    23 ||    23
  Dodge: Dodged            |    38 |    93 ||   131
